 Dungeon Crawl Stone Soup version 0.24.0-37-gcf1ca852f1 (webtiles) character file.

Game seed: 2676095866602252343, levelgen mode: deterministic

165644 lilbarb the Warrior (level 17, -5/146 HPs)
             Began as a Barachi Hunter on Nov 27, 2019.
             Was a High Priest of Cheibriados.
             Killed from afar by Louise (38 damage)
             ... with a bolt of lightning
             ... on level 2 of the Snake Pit on Nov 28, 2019.
             The game lasted 01:47:05 (38138 turns).

lilbarb the Warrior (Barachi Hunter)               Turns: 38138, Time: 01:47:07

Health: -5/146     AC: 20    Str: 33    XL:     17   Next: 88%
Magic:  27/31      EV: 12    Int: 26    God:    Cheibriados [*****.]
Gold:   356        SH: 17    Dex: 32    Spells: 30/36 levels left

rFire    + + .     SeeInvis .   a - +6 hunting sling "Moaxtoxe" {flame, Dex+5}
rCold    . . .     Gourm    .   L - +0 shield
rNeg     . . .     Faith    .   q - +0 plate armour
rPois    .         Spirit   .   y - +2 helmet
rElec    .         Reflect  .   R - +1 cloak
rCorr    +         Harm     .   (no gloves)
MR       +....                  B - +1 pair of boots
Stlth    ..........             U - amulet of the acrobat
HPRegen  0.34/turn              o - ring of protection from cold
MPRegen  0.22/turn              J - ring "Tosiklye" {*Drain rF++ rC- rCorr Str+2}

@: lethally poisoned (-5 -> -13), very slow
A: +LOS, swims, slowness 1, strong legs 2
a: Hop, Bend Time, Temporal Distortion, Slouch, Step From Time, Renounce
Religion


You were on level 2 of the Snake Pit.
You worshipped Cheibriados.
Cheibriados was extremely pleased with you.
You were not hungry.

You visited 6 branches of the dungeon, and saw 29 of its levels.

You collected 2939 gold pieces.
You spent 2583 gold pieces at shops.

Inventory:

Hand Weapons
 a - the +6 hunting sling "Moaxtoxe" (weapon) {flame, Dex+5}
   (You found it on level 4 of the Dungeon)

   It causes projectiles fired from it to burn those they strike, causing extra
   injury to most foes and up to half again as much damage against particularly
   susceptible opponents.
   It affects your dexterity (+5).
 b - a +2 whip of electrocution
 t - the +6 fustibalus "Foppay" {venom, rN++ MP-9 Int-3 Dex+8}
   (You acquired it on level 1 of the Snake Pit)

   It poisons the ammo it fires.
   It affects your intelligence (-3).
   It affects your dexterity (+8).
   It greatly protects you from negative energy.
   It affects your magic capacity (-9).
Missiles
 d - 163 sling bullets (quivered)
 g - 440 stones
 l - 59 poisoned darts
 F - 13 silver javelins
 M - 44 javelins
 P - a throwing net
 V - 9 curare-tipped darts
Armour
 q - a +0 plate armour (worn)
 y - a +2 helmet (worn)
 B - a +1 pair of boots (worn)
 L - a +0 shield (worn)
 R - a +1 cloak (worn)
Jewellery
 i - an uncursed ring of protection from fire
 o - a ring of protection from cold (left hand)
 v - an uncursed ring of positive energy
 J - the ring "Tosiklye" (right hand) {*Drain rF++ rC- rCorr Str+2}
   (You found it on level 5 of the Dungeon)

   [ring of resist corrosion]

   It affects your strength (+2).
   It greatly protects you from fire.
   It makes you vulnerable to cold.
   It provides partial protection from all sources of acid and corrosion.
   It causes draining when unequipped.
 U - an amulet of the acrobat (around neck)
 X - an uncursed ring of flight
Wands
 p - a wand of iceblast (18)
 x - a wand of digging (20)
 N - a wand of clouds (5)
 O - a wand of polymorph (9)
 Z - a wand of disintegration (11)
Scrolls
 e - 3 scrolls of noise
 h - 21 scrolls of teleportation
 n - 7 scrolls of blinking
 u - 3 scrolls of enchant armour
 D - 4 scrolls of fog
 E - 11 scrolls of remove curse
 H - 3 scrolls of fear
 I - 7 scrolls of identify
 Q - 4 scrolls of amnesia
 S - 6 scrolls of enchant weapon
 T - a scroll of holy word
 Y - 3 scrolls of magic mapping
Potions
 c - 3 potions of cancellation
 j - 2 potions of magic
 k - 19 potions of curing
 m - 5 potions of heal wounds
 r - 2 potions of ambrosia
 s - 3 potions of mutation
 z - 7 potions of agility
 A - 7 potions of flight
 C - a potion of brilliance
 G - 2 potions of invisibility
 K - 4 potions of might
Miscellaneous
 w - a lightning rod (4/4)
 W - a phial of floods
Comestibles
 f - 30 rations


   Skills:
 - Level 16.6 Fighting
 + Level 13.8 Slings
 - Level 6.3 Armour
 - Level 3.8 Dodging
 - Level 0.8 Stealth
 - Level 15.0 Shields
 - Level 10.0 Spellcasting
 - Level 8.6 Transmutations
 - Level 5.0 Earth Magic
 - Level 12.0 Invocations
 - Level 8.0 Evocations


You had 30 spell levels left.
You knew the following spells:

 Your Spells              Type           Power        Failure   Level  Hunger
a - Statue Form           Tmut/Erth      #####....    97%         6    #####..

Your spell library contained the following spells:

 Spells                   Type           Power        Failure   Level  Hunger
 Passwall                 Tmut/Erth      #####...     3%          2    None
 Petrify                  Tmut/Erth      #####...     21%         4    None
 Confusing Touch          Hex            ##....       32%         1    None
 Freeze                   Ice            ##..         32%         1    None
 Ensorcelled Hibernation  Hex/Ice        ##....       45%         2    None
 Swiftness                Chrm/Air       ##......     45%         2    None
 Throw Frost              Conj/Ice       ##....       45%         2    None
 Confuse                  Hex            ##......     69%         3    None
 Gell's Gravitas          Tloc           ##........   69%         3    None
 Ozocubu's Armour         Chrm/Ice       ##......     69%         3    None
 Leda's Liquefaction      Hex/Erth       ####......   75%         4    None
 Lee's Rapid Deconstruct  Erth           #####.....   75%         5    ####...
 Hydra Form               Tmut           ######....   83%         6    #####..
 Irradiate                Conj/Tmut      #####.....   85%         5    ####...
 Yara's Violent Unravell  Hex/Tmut       #####.....   85%         5    ####...
 Passage of Golubria      Tloc           N/A          97%         4    None
 Summon Ice Beast         Ice/Summ       ##......     97%         4    None
 Throw Icicle             Conj/Ice       ##......     97%         4    None
 Borgnjor's Vile Clutch   Necr/Erth      ####......   97%         5    ####...
 Bolt of Magma            Conj/Fire/Erth ###.......   99%         5    ####...
 Metabolic Englaciation   Hex/Ice        ##........   100%        5    ####...
 Silence                  Hex/Air        ##........   100%        5    ####...
 Darkness                 Hex            ##........   100%        6    #####..
 Invisibility             Hex            ##......     100%        6    #####..
 Iron Shot                Conj/Erth      ####......   100%        6    #####..
 Shadow Creatures         Summ           N/A          100%        6    #####..
 Dragon Form              Tmut           ######....   100%        7    #######
 Shatter                  Erth           #####.....   100%        9    #######


Dungeon Overview and Level Annotations

Branches:
Dungeon (14/15)            Temple (1/1) D:7            Lair (6/6) D:10
 Shoals (3/4) Lair:2        Snake (3/4) Lair:4        Slime (0/5) Lair:6
    Orc (2/2) D:12            Elf (0/3) Orc:2        Vaults (0/5) D:14

Altars:
Ashenzari
Cheibriados
Dithmenos
Elyvilon
Fedhas
Gozag
Hepliaklqana
Kikubaaqudgha
Makhleb
Nemelex Xobeh
Okawaru
Qazlal
Ru
Sif Muna
Trog
Uskayaw
Vehumet
Wu Jian
Xom
Yredelemnul
Zin
The Shining One
Beogh

Shops:
D:4 %:   D:9 ((??   Orc:2 **?!(!}

Portals:
Trove: D:14 (give +2 gold dragon scales)

Annotations:
Lair:4 exclusion: downstairs
Snake:1 2 transporters, Hyawatha's ghost, journeyman GrFi
Snake:2 3 runed translucent doors, Louise; Mesuenwa's ghost, adept DEWz; Romunoh's ghost, adept SpAs; Sagen's ghost, adept DrCj; Yrif's ghost, adept GnFi
Snake:3 Bai Suzhen; Vashnia


Innate Abilities, Weirdness & Mutations

Shadows flee at your approach. (+LOS)
You can swim through water.
You cover ground slowly.
You can hop long distances.


Message History

You feel sick.
Louise is engulfed in freezing vapours.
Louise casts a spell.
Louise blinks!
Unknown command.
Evoke which item? (* to show all) (? for menu, Esc to quit)
Aiming: Cloud Cone
Press: ? - help, Dir - move target cursor, f/p - Louise
Aim: Louise, wielding a +2 morningstar of holy wrath, wearing a cursed +0 chain mail and wearing a cursed +0 large shield (moderately wounded)
You create a blast of freezing vapour!
You feel sick.
Louise is engulfed in freezing vapours.
Firing (i - inventory. (/) - cycle)
d - 164 sling bullets (quivered)
Press: ? - help, Shift-Dir - straight line, f/p - Louise
Aim: Louise, wielding a +2 morningstar of holy wrath, wearing a cursed +0 chain mail and wearing a cursed +0 large shield (freezing vapour, moderately wounded)
You shoot a sling bullet. The sling bullet hits Louise!
The sling bullet burns Louise!
Louise is heavily wounded.
Louise is engulfed in freezing vapours.
Louise gestures at you while chanting. The bolt of lightning hits you!!!
You die...

#..## ##....## #8...... #...#
#....## #....... #...# #...##
#?..(... #...# #§.## ##8.....
#...#######§..# ####.♣⌠♣"
#.......§§#§§.# ##..######
#........§§§§.#######.#.......
#...#######§§§..##..#.........
#...# #.§@................
#...# #§@§#######.....^...
#...# #§§.# #......... #...#
#§§.# #.#....... #...# #§..#
##........ ###.# ##.##
##....... ### #...# ##......
### #...## ####### ##.#
#....##


You could see Louise.

Vanquished Creatures
  Jorgrun (D:14)
  Rupert (Lair:4)
  Polyphemus (Shoals:3)
  A kraken (Shoals:1)
  Frances (D:14)
  Kirke (D:12)
  Donald (Orc:2)
  A nagaraja (Snake:2)
  Ilsuiw (Shoals:2)
  Roxanne (D:14)
  Aizul (Snake:3)
  3 merfolk javelineers
  2 merfolk impalers (Shoals:2)
  14 hydras
  Fannar (Lair:1)
  5 vault guards (D:14)
  4 naga warriors
  Erolcha (Orc:2)
  A centaur warrior (D:14)
  4 anacondas
  A merfolk avatar (Lair:6)
  2 catoblepae
  2 two-headed ogres
  A satyr (Shoals:3)
  An alligator snapping turtle (Shoals:2)
  An ogre mage (Orc:2)
  Urug (Lair:3)
  A tengu warrior (D:11)
  13 death yaks
  4 shock serpents
  3 naga sharpshooters (Snake:2)
  2 fire crabs (Lair:6)
  2 skeletal warriors (D:10)
  11 sea snakes
  2 naga ritualists
  3 orc knights (Orc:2)
  4 mana vipers
  4 cyclopes
  8 orc sorcerers (Orc:2)
  21 harpies
  2 manticores
  5 fauns
  2 oklob plants (Lair:3)
  6 salamanders
  15 ugly things
  4 merfolk sirens
  Maurice (D:9)
  17 black mambas
  Joseph (D:7)
  A guardian serpent (Snake:3)
  9 elephants (Lair:6)
  A water nymph (Shoals:3)
  18 spiny frogs
  8 naga magi
  9 centaur skeletons
  4 rime drakes
  4 komodo dragons
  2 kobold demonologists (D:14)
  2 efreet
  21 merfolk
  2 trolls
  2 polar bears (Lair:6)
  3 hornets
  3 slime creatures (Lair:6)
  3 wind drakes
  7 hippogriffs
  20 dream sheep
  Prince Ribbit (D:7)
  A meliai zombie (D:11)
  3 snapping turtles
  8 blink frogs
  5 shadows
  50 yaks
  4 flying skulls (D:10)
  4 wraiths
  2 wyverns (Lair:6)
  A spriggan (D:10)
  3 water elementals
  4 basilisks
  A steam dragon (D:10)
  A hungry ghost (D:7)
  7 hogs (D:12)
  6 humans (D:14)
  15 nagas
  Edmund (D:6)
  2 vampire mosquitoes (D:13)
  A soldier ant (D:8)
  17 water moccasins
  8 porcupines
  A hornet zombie (D:10)
  Duvessa (D:7)
  5 ice beasts
  A black bear (D:8)
  5 phantoms
  A necrophage (D:10)
  22 orc warriors
  2 sky beasts
  20 ogres
  14 wolves
  18 centaurs
  13 crocodiles
  2 big kobolds (D:14)
  9 bullfrogs
  Dowan (D:7)
  A gnoll sergeant (D:7)
  A water moccasin skeleton (D:10)
  2 wyvern skeletons
  4 scorpions
  13 wights
  4 howler monkeys
  An electric eel (Snake:2)
  6 crimson imps
  4 bullfrog zombies
  3 centaur zombies
  3 gnoll shamans
  A bullfrog skeleton (D:10)
  11 hounds
  4 jellies
  23 orc priests
  42 orc wizards
  2 iguanas
  Terence (D:2)
  Natasha (thrice) (D:3)
  14 worker ants
  A hound zombie (D:11)
  3 hound skeletons (D:10)
  A howler monkey zombie (D:7)
  3 worker ant zombies
  Robin (D:2)
  19 gnolls
  8 adders
  4 shadow imps
  2 oozes
  4 adder skeletons
  3 dart slugs
  8 leopard geckos
  84 orcs
  10 bats
  7 giant cockroaches
  16 goblins
  5 hobgoblins
  10 jackals
  9 quokkas
  5 frilled lizards
  A giant cockroach zombie (D:5)
  A jackal zombie (D:7)
  13 kobolds
  2 quokka skeletons
  3 quokka zombies
  5 rats
  A plant (Lair:3)
  A tentacle (Shoals:1)
938 creatures vanquished.

Vanquished Creatures (others)
  A human (D:14)
  7 fungi (Lair:6)
  13 plants
  8 tentacles (Shoals:1)
29 creatures vanquished.

Grand Total: 967 creatures vanquished

Notes
Turn   | Place    | Note
-------+----------+-------------------------------------------
     0 | D:1      | lilbarb the Barachi Hunter began the quest for the Orb.
     0 | D:1      | Reached XP level 1. HP: 17/17 MP: 1/1
   215 | D:1      | Reached XP level 2. HP: 23/23 MP: 2/2
   598 | D:2      | Found a shadowy altar of Dithmenos.
   686 | D:2      | Reached XP level 3. HP: 20/28 MP: 3/3
   888 | D:2      | Noticed Robin
   889 | D:2      | Reached skill level 5 in Slings
   901 | D:2      | Killed Robin
   910 | D:2      | Reached XP level 4. HP: 32/34 MP: 4/4
  1229 | D:2      | Noticed Terence
  1239 | D:2      | Killed Terence
  1672 | D:3      | Reached XP level 5. HP: 37/40 MP: 5/5
  1705 | D:3      | Noticed Natasha
  1713 | D:3      | Killed Natasha
  2519 | D:3      | Noticed Natasha
  2524 | D:3      | Killed Natasha
  2625 | D:3      | Reached XP level 6. HP: 46/46 MP: 6/6
  2895 | D:3      | Noticed Natasha
  2897 | D:3      | Killed Natasha
  3186 | D:4      | Found Vojiappa's Book Boutique.
  3830 | D:4      | Found a hazy altar of Hepliaklqana.
  3881 | D:4      | Found a sparkling altar of Nemelex Xobeh.
  4062 | D:4      | Got a warped hunting sling
  4063 | D:4      | Identified the +6 hunting sling "Moaxtoxe" {flame, Dex+5}
                  | (You found it on level 4 of the Dungeon)
  4089 | D:4      | Found Jimulu's Food Emporium.
  4100 | D:4      | Reached XP level 7. HP: 51/51 MP: 7/7
  4157 | D:4      | Found an ancient bone altar of Kikubaaqudgha.
  4455 | D:5      | Entered Level 5 of the Dungeon
  5101 | D:5      | Reached XP level 8. HP: 57/57 MP: 8/8
  5416 | D:5      | Reached skill level 10 in Slings
  5590 | D:5      | Got a crude lead ring
  5591 | D:5      | Identified the ring "Tosiklye" {*Drain rF++ rC- rCorr
                  | Str+2} (You found it on level 5 of the Dungeon)
  5818 | D:6      | Found a glowing golden altar of the Shining One.
  6098 | D:6      | Noticed Edmund
  6104 | D:6      | Killed Edmund
  6209 | D:6      | Reached XP level 9. HP: 62/62 MP: 9/9
  6291 | D:6      | Found an iron altar of Okawaru.
  6353 | D:6      | Found an opulent altar of Gozag.
  6656 | D:7      | Noticed Prince Ribbit
  6665 | D:7      | Killed Prince Ribbit
  6665 | D:7      | Reached skill level 3 in Fighting
  6690 | D:7      | Reached skill level 4 in Fighting
  6712 | D:7      | Noticed Joseph
  6825 | D:7      | Found a shimmering altar of Xom.
  6826 | D:7      | Found a shimmering altar of Xom.
  6852 | D:7      | Noticed a hornet
  6884 | D:7      | Found a shimmering altar of Xom.
  6884 | D:7      | Found a shimmering altar of Xom.
  6884 | D:7      | Noticed a komodo dragon
  6884 | D:7      | an eye of draining changed into a komodo dragon
  6888 | D:7      | Found a shimmering altar of Xom.
  6888 | D:7      | Found a shimmering altar of Xom.
  6891 | D:7      | Found a shimmering altar of Xom.
  6902 | D:7      | Found a staircase to the Ecumenical Temple.
  6981 | Temple   | Entered the Ecumenical Temple
  7072 | Temple   | Became a worshipper of Cheibriados the Contemplative
  7115 | D:7      | Noticed Duvessa
  7128 | D:7      | Killed Duvessa
  7128 | D:7      | Reached skill level 1 in Invocations
  7132 | D:7      | Noticed Dowan
  7135 | D:7      | Killed Dowan
  7201 | D:7      | Reached skill level 5 in Fighting
  7217 | D:7      | Killed Joseph
  7244 | D:7      | Reached XP level 10. HP: 75/76 MP: 12/12
  7266 | D:7      | Reached skill level 5 in Armour
  7271 | D:7      | Reached * piety under Cheibriados
  7386 | D:7      | Reached skill level 6 in Fighting
  7876 | D:8      | Reached skill level 1 in Shields
  8082 | D:8      | Found a hide-covered altar of Uskayaw.
  8460 | D:8      | Paralysed by a hornet for 2 turns
  8859 | D:8      | Found a basalt altar of Yredelemnul.
  9166 | D:9      | Found Anicur's Magic Scroll Boutique.
  9202 | D:9      | Bought a scroll of fear for 52 gold pieces
  9202 | D:9      | Bought a scroll of teleportation for 45 gold pieces
  9202 | D:9      | Bought a scroll of identify for 30 gold pieces
  9202 | D:9      | Bought a scroll of remove curse for 45 gold pieces
  9268 | D:9      | Noticed Maurice
  9274 | D:9      | Killed Maurice
  9274 | D:9      | Reached skill level 7 in Fighting
  9274 | D:9      | Reached skill level 5 in Invocations
  9295 | D:9      | Reached ** piety under Cheibriados
  9338 | D:9      | Found a sacrificial altar of Ru.
  9399 | D:9      | Reached skill level 5 in Shields
  9470 | D:9      | Found a shattered altar of Ashenzari.
  9654 | D:9      | Found Plog's Magic Scroll Shoppe.
  9668 | D:9      | Bought a scroll of blinking for 90 gold pieces
  9668 | D:9      | Bought a scroll of teleportation for 36 gold pieces
  9668 | D:9      | Bought a scroll of teleportation for 36 gold pieces
  9668 | D:9      | Bought a scroll of fear for 42 gold pieces
  9668 | D:9      | Bought a scroll of teleportation for 36 gold pieces
  9866 | D:9      | Reached XP level 11. HP: 47/86 MP: 15/15
 10045 | D:9      | Found Jorromio's Antique Weapon Boutique.
 10094 | D:9      | Found Ahoxzecs's Antique Weapon Boutique.
 10105 | D:10     | Entered Level 10 of the Dungeon
 10225 | D:10     | Reached skill level 8 in Fighting
 10277 | D:10     | Reached *** piety under Cheibriados
 10407 | D:10     | Noticed a skeletal warrior
 10504 | D:10     | Noticed a skeletal warrior
 10521 | D:10     | Killed a skeletal warrior
 10699 | D:10     | Reached **** piety under Cheibriados
 10699 | D:10     | Reached skill level 9 in Fighting
 10867 | D:10     | Identified a scroll of acquirement
 10928 | D:9      | Bought a scroll of identify for 24 gold pieces
 10928 | D:9      | Bought a scroll of identify for 24 gold pieces
 10930 | D:9      | Bought a scroll of remove curse for 36 gold pieces
 11101 | D:10     | Noticed Sonja
 11102 | D:10     | Noticed Sonja
 11102 | D:10     | Sonja changed into Sonja the spriggan
 11105 | D:10     | Killed Sonja the spriggan
 11337 | D:10     | Found a staircase to the Lair.
 11650 | D:10     | Killed a skeletal warrior
 11779 | Lair:1   | Entered Level 1 of the Lair of Beasts
 11928 | Lair:1   | Noticed a seven-headed hydra
 11932 | Lair:1   | Killed a seven-headed hydra
 11932 | Lair:1   | Reached XP level 12. HP: 97/97 MP: 17/17
 11990 | Lair:1   | Noticed Fannar
 12007 | Lair:1   | Killed Fannar
 12007 | Lair:1   | Reached skill level 10 in Shields
 12073 | Lair:1   | Reached skill level 10 in Fighting
 12081 | Lair:1   | Reached ***** piety under Cheibriados
 13199 | Lair:2   | Noticed a six-headed hydra
 13208 | Lair:2   | Killed a six-headed hydra
 13208 | Lair:2   | Reached skill level 11 in Fighting
 13329 | Lair:2   | Noticed a six-headed hydra
 13340 | Lair:2   | Killed a six-headed hydra
 13377 | Lair:2   | Noticed an eight-headed hydra
 13381 | Lair:2   | Killed an eight-headed hydra
 13381 | Lair:2   | Gained mutation: You can hop long distances. [Barachi
                  | growth]
 13381 | Lair:2   | Reached XP level 13. HP: 106/106 MP: 19/19
 13746 | Lair:2   | Found a staircase to the Shoals.
 14589 | Lair:3   | Reached skill level 12 in Fighting
 14665 | Lair:3   | Noticed Urug
 14678 | Lair:3   | Killed Urug
 15375 | Lair:4   | Found the +7 great mace "Undeadhunter" {disrupt, rN+}
 15397 | Lair:4   | Found a staircase to the Snake Pit.
 15631 | Lair:4   | Reached ****** piety under Cheibriados
 15766 | Lair:4   | Noticed Rupert
 15767 | Lair:4   | Paralysed by Rupert for 2 turns
 15778 | Lair:4   | Killed Rupert
 16089 | Lair:4   | You fall into a shaft and drop 2 floors!
 16089 | Lair:6   | Entered Level 6 of the Lair of Beasts
 16356 | Lair:6   | Reached skill level 10 in Invocations
 16370 | Lair:6   | Reached XP level 14. HP: 110/116 MP: 21/21
 16848 | Lair:5   | Reached skill level 13 in Fighting
 17616 | Snake:1  | Entered Level 1 of the Snake Pit
 18020 | Lair:6   | Reached skill level 15 in Shields
 18561 | Lair:6   | Reached skill level 14 in Fighting
 18857 | Lair:6   | Found a staircase to the Slime Pits.
 19398 | Lair:6   | Reached skill level 1 in Evocations
 19398 | Lair:6   | Reached XP level 15. HP: 127/127 MP: 24/24
 20717 | D:11     | Reached skill level 15 in Fighting
 21308 | D:12     | Noticed Kirke
 21316 | D:12     | Killed Kirke
 21316 | D:12     | Reached skill level 5 in Evocations
 21631 | D:12     | Found a staircase to the Orcish Mines.
 22330 | D:13     | Found a burning altar of Makhleb.
 22988 | D:13     | Found a burning altar of Makhleb.
 23499 | D:14     | Noticed Jorgrun
 23506 | D:14     | Killed Jorgrun
 23637 | D:14     | Noticed Frances
 23654 | D:14     | Killed Frances
 23654 | D:14     | Reached skill level 16 in Fighting
 23743 | D:14     | Noticed Roxanne
 24674 | D:14     | Reached skill level 1 in Spellcasting
 24941 | D:14     | Reached XP level 16. HP: 139/139 MP: 25/25
 24979 | D:14     | Found a portal to a secret trove of treasure.
 25073 | D:14     | Found a gate to the Vaults.
 25279 | D:14     | Killed Roxanne
 25279 | D:14     | Reached skill level 5 in Spellcasting
 25759 | Orc:1    | Entered Level 1 of the Orcish Mines
 26002 | Orc:1    | Found a roughly hewn altar of Beogh.
 26162 | Orc:2    | Entered Level 2 of the Orcish Mines
 26162 | Orc:2    | Found a staircase to the Elven Halls.
 26180 | Orc:2    | Noticed Donald
 26200 | Orc:2    | Killed Donald
 26570 | Orc:2    | Found a roughly hewn altar of Beogh.
 26599 | Orc:2    | Found Pevvefye's Distillery.
 26622 | Orc:2    | Bought a potion of heal wounds for 55 gold pieces
 26622 | Orc:2    | Bought a potion of heal wounds for 55 gold pieces
 26622 | Orc:2    | Bought a potion of heal wounds for 55 gold pieces
 26622 | Orc:2    | Bought a potion of agility for 44 gold pieces
 26622 | Orc:2    | Bought a potion of might for 44 gold pieces
 26622 | Orc:2    | Bought a potion of might for 44 gold pieces
 26741 | Orc:2    | Found Maqeegg's Assorted Antiques.
 27114 | Orc:2    | Found Estyeb's General Store.
 27133 | Orc:2    | Bought a scroll of blinking for 127 gold pieces
 27133 | Orc:2    | Bought a scroll of teleportation for 51 gold pieces
 27315 | Orc:2    | Paralysed by an orc sorcerer for 4 turns
 27484 | Orc:2    | Found a radiant altar of Vehumet.
 27484 | Orc:2    | Noticed Erolcha
 27510 | Orc:2    | Killed Erolcha
 27524 | Orc:2    | Found Deong's Magic Scroll Shop.
 27596 | Orc:2    | Bought a scroll of fog for 28 gold pieces
 27597 | Orc:2    | Found an ancient bone altar of Kikubaaqudgha.
 27631 | Orc:2    | Found a roughly hewn altar of Beogh.
 27639 | Orc:2    | Found Zuath's Distillery.
 27639 | Orc:2    | Found Yriodd's Antique Weapon Shop.
 27668 | Orc:2    | Found Vifidgh's Gadget Boutique.
 27681 | Orc:2    | Bought a wand of clouds (9) for 624 gold pieces
 27681 | Orc:2    | Bought a phial of floods for 640 gold pieces
 27681 | Orc:2    | Bought a wand of digging (6) for 320 gold pieces
 28041 | Shoals:1 | Entered Level 1 of the Shoals
 28058 | Shoals:1 | Learned a level 6 spell: Statue Form
 28571 | Shoals:1 | Reached skill level 10 in Spellcasting
 28687 | Shoals:1 | Reached skill level 1 in Transmutations
 28789 | Shoals:1 | Reached skill level 1 in Earth Magic
 28915 | Shoals:1 | Noticed a kraken
 28945 | Shoals:1 | Killed a kraken
 30141 | Shoals:2 | Noticed Ilsuiw
 30173 | Shoals:2 | Reached skill level 5 in Transmutations
 30949 | Shoals:2 | Killed Ilsuiw
 31146 | Shoals:3 | Reached XP level 17. HP: 74/145 MP: 31/31
 32783 | Shoals:3 | Noticed Polyphemus
 32798 | Shoals:3 | Killed Polyphemus
 32806 | Shoals:3 | Reached skill level 5 in Earth Magic
 32807 | Shoals:3 | HP: 6/145 [death yak[Polyphemus] (13)]
 34031 | Snake:1  | Found a blossoming altar of Fedhas.
 34863 | Snake:1  | Got a fine fustibalus
 34864 | Snake:1  | Identified the +6 fustibalus "Foppay" {venom, rN++ MP-9
                  | Int-3 Dex+8} (You acquired it on level 1 of the Snake Pit)
 35022 | Snake:1  | Found a transporter.
 35303 | Snake:1  | Found a transporter.
 35306 | Snake:1  | Noticed Hyawatha's ghost (journeyman GrFi)
 36941 | Snake:2  | Found a runed translucent gate.
 37377 | Snake:2  | Noticed Sagen's ghost (adept DrCj)
 37379 | Snake:2  | Found a runed translucent gate.
 37729 | Snake:2  | Noticed Mesuenwa's ghost (adept DEWz)
 37729 | Snake:2  | Noticed Romunoh's ghost (adept SpAs)
 37730 | Snake:2  | Found a runed translucent gate.
 37730 | Snake:2  | Noticed Yrif's ghost (adept GnFi)
 38109 | Snake:3  | Noticed Aizul
 38113 | Snake:3  | Noticed Vashnia
 38120 | Snake:3  | Noticed Louise
 38130 | Snake:3  | Noticed Bai Suzhen
 38132 | Snake:3  | Killed Aizul
 38138 | Snake:2  | Killed from afar by Louise

Levels and vault maps discovered:
D:1:      dpeg_arrival_leaves_temple_mockup, layout_basic,
          minmay_misc_feat_hallway
D:2:      layout_loops_ring, old_standard_altar, nicolae_overflow_hidden_temple,
          first_ration, lexackson_kobold_supper, uniq_terence, uniq_robin
D:3:      layout_basic, kennysheep_minor_cross, uniq_natasha
D:4:      layout_loops_ring, lemuel_round_altar, marbit_many_paths,
          kennysheep_mini, serial_shops,
          nicolae_shop_temple_entry_statues_fountains, shop, grunt_ministairs_3
D:5:      kennysheep_big_flooded_room, layout_loops_corners,
          hangedman_decor_clover_reticule
D:6:      layout_loops_cross, kennysheep_okawaru_gauntlet, lemuel_crystal_altar,
          lemuel_doored_altar, uniq_edmund
D:7:      layout_cave_pools, xom_shifter_show, minmay_temple_entry_hall,
          serial_gnoll_camp, gnoll_camp_mini_hut, gnoll_camp_mini_house,
          gnoll_camp_mini_basic, gnoll_camp_mini_doghouse, uniq_prince_ribbit1,
          uniq_joseph, uniq_duvessa
D:8:      layout_basic, overflow_temple_1_default, lemuel_round_altar,
          hangedman_pestilent_swarm
D:9:      layout_roguey, nicolae_ru_sacrificial_ziggurat, serial_shops, shop,
          shop, shop_fountains, shop_coins, lemuel_centaur_altar, uniq_maurice
D:10:     hangedman_screamer, layout_basic, lair_entry_dummy,
          minmay_joined_circles, uniq_sonja
D:11:     hangedman_cross_stitches, layout_loops_ring
D:12:     minmay_evil_eye, layout_long_grid, hiddenorc1_lemuel, uniq_kirke
D:13:     layout_stronghold, basic_altar, minivault_20
D:14:     layout_small_grid, ximxim_vaults_locker_room,
          minmay_misc_feat_enclosed, enter_trove_0, grunt_ministairs_7,
          uniq_jorgrun, uniq_frances, uniq_roxanne
Temple:   compressed_dpeg_circular_temple
Lair:1:   layout_loops_ring, nicolae_quartered_pool_medium,
          infiniplex_staircase_pool, grunt_megastairs_2, uniq_fannar
Lair:2:   layout_hall_layers, minmay_shoals_entry_centaurs,
          chequers_serial_rivers_micro_b, mumra_transporter_accident,
          grunt_megastairs_5
Lair:3:   layout_small_grid, serial_bayou_shore_b, infiniplex_staircase_pool_2,
          minmay_lair_oklob_chamber, uniq_urug
Lair:4:   layout_regular_city, minmay_snake_entry_guardpost_small,
          serial_bayou_pond_b, uniq_rupert
Lair:5:   layout_big_grid
Lair:6:   gammafunk_lair_ancient_temple, layout_regular_city,
          minmay_slime_entry_pillars
Shoals:1: layout_shoals
Shoals:2: layout_shoals, uniq_ilsuiw
Shoals:3: nicolae_shoals_island_circles, layout_shoals, uniq_polyphemus
Snake:1:  layout_chambers, basic_altar, gammafunk_ghost_berserking_beasts
Snake:2:  layout_concentric_octagons, gammafunk_ghost_cemetery, st_stairs_12,
          serial_bayou_shore_a
Snake:3:  layout_basic, basic_altar, serial_bayou_shore_b, uniq_vashnia,
          uniq_aizul, uniq_bai_suzhen, uniq_louise
Orc:1:    layout_diamond_mine, basic_altar, led_sif_book, uniq_josephine
Orc:2:    kennysheep_orc_mage_school, layout_diamond_mine, basic_altar,
          serial_shops, shop, nicolae_shop_overgrown_old_shop, shop, uniq_donald

Skill      XL: |  1  2  3  4  5  6  7  8  9 10 11 12 13 14 15 16 17 |
---------------+----------------------------------------------------+-----
Slings         | 5 6 8 9 11 12 13 | 13.8
Fighting       | 5 7 9 11 12 14 16 | 16.6
Armour         | 4 5 6 |  6.3
Invocations    | 3 5 7 8 10 12 | 12.0
Shields        | 6 9 12 14 15 | 15.0
Evocations     | 1 8 |  8.0
Spellcasting   | 4 10 | 10.0
Transmutations | 6 8 |  8.6
Earth Magic    | 3 5 |  5.0
Dodging        | 3 |  3.8
Stealth        | |  0.8

Action                   |  1- 3 |  4- 6 |  7- 9 | 10-12 | 13-15 | 16-18 || total
-------------------------+-------+-------+-------+-------+-------+-------++-------
Melee: Short sword       |     8 |     5 |       |       |       |       ||    13
       Whip              |       |       |       |       |       |    12 ||    12
       Hunting sling     |       |       |       |       |       |     3 ||     3
 Fire: Hunting sling     |    82 |   219 |   343 |   684 |  1352 |  1441 ||  4121
Throw: Dart              |       |     6 |       |       |       |       ||     6
       Throwing net      |       |       |       |     1 |       |       ||     1
Invok: Bend Time         |       |       |       |     4 |     1 |       ||     5
       Slouch            |       |       |       |     2 |     8 |    13 ||    23
       Step From Time    |       |       |       |       |       |     1 ||     1
 Abil: Hop               |     2 |     1 |     1 |    10 |     7 |     4 ||    25
Evoke: Wand              |       |       |     2 |     9 |     9 |    20 ||    40
       Lightning rod     |       |       |       |       |     4 |     6 ||    10
       Phial of floods   |       |       |       |       |       |     1 ||     1
  Use: Scroll            |       |    10 |     4 |    12 |     5 |     4 ||    35
       Potion            |       |       |       |     2 |       |     6 ||     8
  Eat: Chunk             |       |     4 |     7 |     8 |     5 |     2 ||    26
       Ration            |       |     2 |     1 |     1 |     4 |     6 ||    14
Armor: Leather armour    |     3 |       |       |       |       |       ||     3
       Troll leather arm |     2 |       |       |       |       |       ||     2
       Scale mail        |       |    36 |    21 |    31 |       |       ||    88
       Chain mail        |       |       |       |    24 |    50 |       ||    74
       Plate armour      |       |       |       |       |    60 |   221 ||   281
Dodge: Dodged            |    24 |    36 |    33 |    58 |    97 |   187 ||   435
Block: Shield            |       |       |       |    90 |   237 |   494 ||   821
